 Dungeon Crawl Stone Soup version 0.17-a0-1887-g3e50df6 (webtiles) character file.

92 wvc the Magician (level 4, -10/32 HPs)
             Began as a Demonspawn Transmuter on Sept 23, 2015.
             Mangled by Crazy Yiuf
             ... wielding a +4 quarterstaff of chaos
              (19 damage)
             ... on level 3 of the Dungeon.
             The game lasted 00:07:02 (3115 turns).

wvc the Magician (Demonspawn Transmuter)            Turns: 3115, Time: 00:07:04

Health: -10/32     AC:  2    Str: 10    XL:     4   Next: 35%
Magic:  13/17      EV: 19    Int: 15    God:
Gold:   91         SH:  0    Dex: 19    Spells: 3 memorised, 3 levels left

rFire  . . .     SeeInvis .       - Unarmed
rCold  . . .     Clarity  .     (armour currently unavailable)
rNeg   . . .     SustAt   .     (shield currently unavailable)
rPois  x         Gourm    +     (helmet currently unavailable)
rElec  .         Spirit   .     (cloak currently unavailable)
rCorr  .         Warding  .     (gloves currently unavailable)
rMut   .         Stasis   .     (boots currently unavailable)
MR     .....                    m - amulet of the gourmand
Stlth  ++++......               (no ring)
                                i - ring of magical power

@: spider-form (expiring), very slightly contaminated, not resistant to hostile
enchantments, stealthy
A: (fire resistance 0), nightstalker 2
a: End Transformation


You were on level 3 of the Dungeon.
You were very full.
You were a venomous arachnid creature.
You visited 1 branch of the dungeon, and saw 3 of its levels.

You collected 91 gold pieces.

Inventory:

Missiles
 a - 3 arrows
 j - 82 stones (quivered)
Armour
 b - a +0 robe (melded)
Jewellery
 i - a ring of magical power (left front leg)
 m - an amulet of the gourmand (around neck)
Magical devices
 k - a wand of flame (24)
Scrolls
 e - 2 scrolls of identify
 g - 2 scrolls of remove curse
 n - a scroll of teleportation
Potions
 d - a potion of haste {unknown}
 f - 3 potions of curing
 l - 2 potions of cancellation
 p - a potion of degeneration {unknown}
Books
 c - a book of Changes

   Spells                             Type                      Level
   a - Beastly Appendage              Transmutation                1
   b - Sticks to Snakes               Transmutation                2
   c - Spider Form                    Transmutation/Poison         3
   d - Ice Form                       Ice/Transmutation            4
   e - Blade Hands                    Transmutation                5
Comestibles
 h - 3 chunks of flesh
 o - a slice of pizza


   Skills:
 - Level 1.0 Fighting
 - Level 1.7 Dodging
 - Level 2.6 Unarmed Combat
 + Level 3.3 Spellcasting
 + Level 3.1 Transmutations
 * Level 0.6 Poison Magic


You had 3 spell levels left.
You knew the following spells:

 Your Spells              Type           Power        Failure   Level  Hunger
a - Beastly Appendage     Trmt           ##....       21%         1    #......
b - Sticks to Snakes      Trmt           ##........   28%         2    ##.....
c - Spider Form           Trmt/Pois      #.........   52%         3    ###....


Dungeon Overview and Level Annotations

Branches:
Dungeon (3/15)

Altars:

Annotations:
D:3 Crazy Yiuf


Innate Abilities, Weirdness & Mutations

((Your flesh is heat resistant.))
You are significantly more attuned to the shadows.


Message History

Crazy Yiuf is severely wounded.
Crazy Yiuf misses you.
You hit Crazy Yiuf.
Crazy Yiuf is almost dead.
You hit Crazy Yiuf but do no damage.
Crazy Yiuf is almost dead.
Your transformation is almost over.
Crazy Yiuf hits you with a quarterstaff of chaos!
Crazy Yiuf draws strength from your injuries!
You hit Crazy Yiuf.
Crazy Yiuf looks even sicker.
Crazy Yiuf is severely wounded.
Crazy Yiuf whimpers, "East childish verde!"
Crazy Yiuf closely misses you.
You hit Crazy Yiuf.
Crazy Yiuf is almost dead.
Crazy Yiuf hits you with a quarterstaff of chaos!
* * * LOW HITPOINT WARNING * * *
You convulse!!
Ouch! That really hurt!
You die...

♣♣...♣
♣♣.♣♣
♣♣.♣
♣.♣♣
♣♣.♣
♣.♣♣
##.##
#...#
#.s.#
#)g.#
#####


You could see Crazy Yiuf.

Vanquished Creatures
  2 adders (D:2)
  2 worms (D:2)
  2 giant geckos (D:2)
  8 bats
  2 giant cockroaches (D:1)
  9 goblins
  8 hobgoblins
  7 jackals
  3 ball pythons
  4 giant newts
  5 kobolds
  5 rats
57 creatures vanquished.

Vanquished Creatures (collateral kills)
  2 adders (D:2)
  A ball python (D:2)
  A bat (D:2)
  A rat (D:2)
5 creatures vanquished.

Grand Total: 62 creatures vanquished

Notes
Turn   | Place    | Note
--------------------------------------------------------------
     0 | D:1      | wvc the Demonspawn Transmuter began the quest for the Orb.
     0 | D:1      | Reached XP level 1. HP: 15/15 MP: 3/3
   628 | D:1      | Gained mutation: You are slightly more attuned to the shadows. [demonic ancestry]
   628 | D:1      | Reached XP level 2. HP: 19/21 MP: 3/5
   816 | D:1      | Learned a level 2 spell: Sticks to Snakes
  1663 | D:1      | Gained mutation: You are significantly more attuned to the shadows. [demonic ancestry]
  1663 | D:1      | Reached XP level 3. HP: 23/26 MP: 5/7
  1981 | D:2      | Learned a level 3 spell: Spider Form
  2017 | D:2      | Reached skill level 3 in Spellcasting
  2534 | D:2      | Gained mutation: Your flesh is heat resistant. [demonic ancestry]
  2534 | D:2      | Reached XP level 4. HP: 30/32 MP: 8/8
  3099 | D:3      | Noticed Crazy Yiuf
  3115 | D:3      | Mangled by Crazy Yiuf

Vault maps used:
D:1:      dpeg_arrival_boxes_within_box, corner_web_ring
D:3:      first_bread, uniq_crazy_yiuf_cottage, uniq_grinder, uniq_robin

Action                   |  1- 3 |  4- 6 || total
-------------------------+-------+-------++-------
Melee: Unarmed           |   165 |    49 ||   214
 Cast: Beastly Appendage |    21 |     3 ||    24
       Sticks to Snakes  |     7 |     2 ||     9
       Spider Form       |       |     4 ||     4
  Use: Scroll            |     7 |     1 ||     8
 Stab: Sleeping          |     5 |     3 ||     8
  Eat: Bread ration      |     1 |       ||     1
       Chunk             |    10 |     5 ||    15
